 Dungeon Crawl Stone Soup version 0.30-a0-137-gd8773701ce (webtiles) character file.

Game seed: 5992978335085424452

252 KennySheep the Twirler (level 6, 0/37 HPs)
             Began as a Tengu Gladiator on Sept 24, 2022.
             Was a Believer of Nemelex Xobeh.
             Killed by divine providence
             ... invoked by an orc priest
              (15 damage)
             ... on level 4 of the Dungeon.
             The game lasted 00:06:34 (3076 turns).

KennySheep the Twirler (Tengu Gladiator)            Turns: 3076, Time: 00:06:34

Health: 0/37       AC:  7    Str: 14    XL:     6   Next: 14%
Magic:  8/8        EV: 15    Int: 11    God:    Nemelex Xobeh [**....]
Gold:   87         SH:  0    Dex: 15    Spells: 5/5 levels left

rFire   + . .      SeeInvis .    a - +0 quarterstaff
rCold   . . .      Faith    .    (shield currently unavailable)
rNeg    . . .      Spirit   .    b - +0 leather armour
rPois   .          Reflect  .    c - +0 hat
rElec   .          Harm     .    w - +0 cloak
rCorr   .          Rampage  .    r - +2 pair of gloves
Will    .....                    (boots unavailable)
Stlth   ++........               (no amulet)
HPRegen 0.12/turn                s - ring of protection from fire
MPRegen 0.11/turn                (no ring)

@: flying quickly and evasively, quick
A: beak, talons 3, nimble flight
a: Renounce Religion, Draw Escape, Draw Destruction, Draw Summoning


You were on level 4 of the Dungeon.
You worshipped Nemelex Xobeh.
Nemelex Xobeh was pleased with you.
You visited 1 branch of the dungeon, and saw 4 of its levels.

You collected 87 gold pieces.

Inventory:

Hand Weapons
 a - a +0 quarterstaff (weapon)
Missiles
 d - 3 throwing nets (quivered)
 e - a javelin
Armour
 b - a +0 leather armour (worn)
 c - a +0 hat (worn)
 r - a +2 pair of gloves (worn)
 w - a +0 cloak (worn)
Jewellery
 s - a ring of protection from fire (left hand)
 x - a +4 ring of evasion
Wands
 q - a wand of roots (12)
Scrolls
 g - a scroll of amnesia
 j - a scroll of brand weapon
 m - a scroll of vulnerability
 n - a scroll of enchant weapon
 o - 2 scrolls of butterflies
 t - a scroll of torment {unknown}
 y - a scroll of blinking
 z - a scroll of silence {unknown}
Potions
 f - a potion of curing {unknown}
 h - a potion of attraction {unknown}
 i - a potion of might {unknown}
 k - a potion of ambrosia {unknown}
 l - 2 potions of heal wounds {unknown}
 p - a potion of resistance {unknown}
 u - 2 potions of lignification {unknown}
 v - 2 potions of degeneration {unknown}


   Skills:
 + Level 3.1 Fighting
 * Level 5.1 Staves
 - Level 2.0 Throwing
 + Level 4.2 Dodging
 + Level 2.4 Stealth
 + Level 1.4 Invocations


You had 5 spell levels left.
You didn't know any spells.
Your spell library contained the following spells:

 Spells                   Type           Power      Damage    Failure   Level
 Sublimation of Blood     Necr           0%         N/A       56%         2
 Wereblood                Tmut           0%         N/A       56%         2
 Summon Hydra             Summ           0%         N/A       100%        7


Dungeon Overview and Level Annotations

Branches:
Dungeon (4/15)
 Temple: D:4-7

Altars:
Nemelex Xobeh
Qazlal

Shops:
D:3 *


Innate Abilities, Weirdness & Mutations

You have a beak for a mouth.
You have claws for feet.
Your magical nature lets you fly swiftly and evasively.


Message History

Magic restored.
You start resting.
HP restored.
Found a robe.
You see here a +0 robe.
An endoplasm is nearby!
The helpless endoplasm fails to defend itself.
You hit the endoplasm. You claw the endoplasm.
You kill the endoplasm!
No target in view!
An orc comes into view. It is wielding a +0 short sword.
Found 5 stones.
The orc shouts!
You hear a shout!
An orc comes into view. It is wielding a +0 dagger.
An orc priest comes into view.
It is wielding a +1 short sword of protection.
There are monsters nearby!
An orc comes into view. It is wielding a +0 dagger.
Found a stormy altar of Qazlal.
The orc shouts!
Found a book of Burglary.
Found a stone staircase leading down.
The orc priest shouts!
You hit the orc. You claw the orc, but do no damage.
You peck the orc, but do no damage.
The orc is moderately wounded.
The orc closely misses you.
You thump the orc!
You kill the orc!
The orc closely misses you.
The orc priest mumbles some strange prayers to Beogh against you.
Beogh smites you!
You sock the orc!
You kill the orc!
The orc priest calls down the wrath of Beogh upon you.
Beogh smites you!
You sock the orc!
You kill the orc!
The orc priest mumbles some strange prayers to Beogh against you.
Beogh smites you!
You die...
Your body glows slightly and disappears.

#.........#...........##.#.#####.
#.........#...........##.#.......
...............#...#####.########
...............#.........#
...............###########
#.............###.....##
........................
###########............. ..
#.....@.....>. ....
.......$))...... ....
.......#......... ....
.§.....#....o.... ....
.§~....#.(.......
_≈~.............. §....
:......... .........##


You could see an orc priest.

Vanquished Creatures
  A scorpion (D:4)
  2 orc wizards
  4 gnolls (D:4)
  3 adders
  13 orcs
  3 bats
  7 endoplasms
  3 giant cockroaches (D:1)
  4 goblins
  6 hobgoblins
  4 kobolds
  4 quokkas
  6 ball pythons
  4 frilled lizards
  7 rats
71 creatures vanquished.

Notes
Turn   | Place    | Note
-------+----------+-------------------------------------------
     0 | D:1      | KennySheep the Tengu Gladiator began the quest for the Orb.
     0 | D:1      | Reached XP level 1. HP: 12/12 MP: 2/2
    36 | D:1      | Reached XP level 2. HP: 10/17 MP: 3/3
   773 | D:1      | Reached skill level 1 in Stealth
   805 | D:1      | Reached XP level 3. HP: 21/21 MP: 4/4
  1159 | D:2      | Reached skill level 4 in Staves
  1173 | D:2      | Found a faded altar of an unknown god.
  1186 | D:2      | Prayed at the altar of an unknown god.
  1186 | D:2      | Became a worshipper of Nemelex Xobeh the Trickster
  1186 | D:2      | Reached * piety under Nemelex Xobeh
  1227 | D:2      | Received a gift from Nemelex Xobeh
  1300 | D:2      | Reached XP level 4. HP: 27/27 MP: 5/5
  1688 | D:3      | Found Tazifa's General Store.
  2099 | D:3      | Gained mutation: Your magical nature lets you fly swiftly
                  | and evasively. [Tengu growth]
  2099 | D:3      | Reached XP level 5. HP: 27/31 MP: 6/6
  2420 | D:4      | Reached skill level 1 in Invocations
  2810 | D:4      | Reached ** piety under Nemelex Xobeh
  2862 | D:4      | Reached skill level 5 in Staves
  2862 | D:4      | Reached XP level 6. HP: 21/37 MP: 6/8
  3070 | D:4      | Found a stormy altar of Qazlal.
  3076 | D:4      | Killed from afar by an orc priest

Illustrated notes

Levels and vault maps discovered:
D:1:      onia_arrival_pentagram, layout_rooms
D:2:      layout_rooms, ebering_ecumenical_altar_ruins, roderic_lattice_a
D:3:      layout_basic, serial_shops, shop, kennysheep_big_empty_room
D:4:      minmay_angry_zag, layout_basic, nicolae_qazlal_scattered_showers

Skill      XL: |  1  2  3  4  5 |
---------------+----------------+-----
Stealth        | 1 2 |  2.4
Staves         | 4 5 |  5.1
Dodging        | 4 |  4.2
Invocations    | 1 |  1.4
Fighting       | 3 |  3.1
Throwing       | |  2.0

Action                   |  1- 3 |  4- 6 || total
-------------------------+-------+-------++-------
Melee: Quarterstaff      |    74 |    87 ||   161
       Kick              |    16 |    23 ||    39
       Peck              |     8 |    12 ||    20
  Use: Scroll            |       |     6 ||     6
 Stab: Sleeping          |       |     5 ||     5
Armor: Leather armour    |    19 |    16 ||    35
Dodge: Dodged            |    37 |    55 ||    92

Table legend: (Time is in decaauts)
 A = Elapsed time spent in this place.
 B = Non-inter-level travel time spent in this place.
 C = Inter-level travel time spent in this place.
 D = Time resting spent in this place.
 E = Time spent auto-exploring this place.
 F = Levels seen in this place.
 G = Mean time per level.
                   A        B        C        D        E       F      G
               +--------+--------+--------+--------+--------+-----+--------+
         Total |   3045 |   2982 |     63 |   1005 |   1500 |   4 |  761.2 |
       Dungeon |   3045 |   2982 |     63 |   1005 |   1500 |   4 |  761.2 |
               +--------+--------+--------+--------+--------+-----+--------+

Top non-repeatable levels by time:
     D:1: 1094 daAuts
     D:3: 754 daAuts
     D:4: 652 daAuts
     D:2: 543 daAuts
